 Dungeon Sprint DCSS version 0.19.0-2-gae57169 (webtiles) character file.

616 poirepourri the Fighter (level 7, 0/72 HPs)
             Began as a Hill Orc Fighter on Nov 3, 2016.
             Was an Initiate of Hepliaklqana.
             Slain by Sonja
             ... wielding a +2 short sword of draining
              (9 damage)
             ... in the Dungeon (Sprint I: "Red Sonja").
             The game lasted 00:01:26 (1015 turns).

poirepourri the Fighter (Hill Orc Fighter)          Turns: 1015, Time: 00:01:27

Health: 0/72       AC:  6    Str: 21    XL:     7   Next: 45%
Magic:  7/7        EV:  6    Int:  8    God:    Hepliaklqana [......]
Gold:   438        SH:  7    Dex: 10    Spells: 0 memorised, 6 levels left

rFire  . . .     SeeInvis .     a - +0 war axe
rCold  . . .     Gourm    .     b - +0 scale mail
rNeg   . . .     Faith    .     c - +0 shield
rPois  .         Spirit   .     (no helmet)
rElec  .         Reflect  .     (no cloak)
rCorr  .         Harm     .     (no gloves)
MR     .....     NoTele   +     (no boots)
Stlth  ..........               (no amulet)
                                (no ring)
                                (no ring)

@: lethally poisoned (0 -> -18), slowed, very heavily drained, very slow
A: reduced essence
a: Recall Ancestor, Ancestor Identity, Renounce Religion


You were in the Dungeon.
You worshipped Hepliaklqana.
Hepliaklqana was noncommittal.
You were not hungry.

You visited 1 branch You collected 438 gold pieces.

Inventory:

Hand Weapons
 a - a +0 war axe (weapon)
Armour
 b - a +0 scale mail (worn)
 c - a +0 shield (worn)
Scrolls
 k - a scroll of blinking
Potions
 e - a potion of curing
 h - a potion of haste
 i - 2 potions of magic
 j - a potion of berserk rage
Comestibles
 f - a bread ration


   Skills:
 + Level 13.9(9.1) Fighting
 + Level 12.6(8.0) Axes
 - Level 3.2(0.0) Armour
 + Level 2.4(0.0) Dodging
 - Level 3.2(0.0) Shields


You had 6 spell levels left.
You didn't know any spells.

Dungeon Overview and Level Annotations

Branches:
Dungeon (1/1)

Altars:
Cheibriados
Dithmenos
Elyvilon
Fedhas
Gozag
Hepliaklqana
Kikubaaqudgha
Makhleb
Nemelex Xobeh
Okawaru
Qazlal
Ru
Sif Muna
Trog
Uskayaw
Vehumet
Xom
Yredelemnul
Zin
The Shining One
Jiyva
Lugonu

Shops:
D :

Annotations:
D Sonja


Message History

Sonja hits you with an uncursed short sword of draining.
* * * LOW HITPOINT WARNING * * *
You feel drained.
* * * LOW HITPOINT WARNING * * *
Sonja hits you but does no damage.
You feel drained. Sonja closely misses you.
Tiberius misses Sonja.
You slash Sonja!
Sonja is moderately wounded.
* * * LOW HITPOINT WARNING * * *
You feel very sick. You block Sonja's attack.
Sonja hits you with an uncursed short sword of draining.
* * * LOW HITPOINT WARNING * * *
You feel drained.
* * * LOW HITPOINT WARNING * * *
Sonja hits you with an uncursed short sword of draining.
* * * LOW HITPOINT WARNING * * *
You feel drained.
Tiberius completely misses Sonja.
Sonja hits you with an uncursed short sword of draining!
You die...

######################
#<.#..').#..'..#__#..+
#..'..#..').#..'..'..#
#..#####'#####'#__####
#..####..#...#.####
#..#__####..##.#
#..#_____##'#@(+
#⌠⌠#_.∩...'..KR#
####_..__##_(#'#
#_____###'#(# #######
#.### $.$ $.$ ##.##
#+#


You could see the friendly Tiberius the ancestor and Sonja.

Vanquished Creatures
  A slime creature (D)
  Sigmund (D)
  A yak (D)
  An ogre (D)
  A jelly (D)
  Ijyb (D)
6 creatures vanquished.

Vanquished Creatures (others)
  A gargoyle (D)
1 creature vanquished.

Grand Total: 7 creatures vanquished

Notes
Turn   | Place    | Note
-------+----------+-------------------------------------------
     0 | D        | poirepourri the Hill Orc Fighter began the quest for the Orb.
     0 | D        | Reached XP level 1. HP: 19/19 MP: 1/1
     1 | D        | Noticed Ijyb
    11 | D        | Killed Ijyb
    11 | D        | Reached skill level 7 in Fighting
    11 | D        | Reached XP level 2. HP: 31/34 MP: 2/2
    11 | D        | Reached XP level 3. HP: 36/39 MP: 3/3
    74 | D        | Noticed an ogre
    82 | D        | Killed an ogre
    82 | D        | Reached skill level 9 in Fighting
    82 | D        | Reached XP level 4. HP: 10/51 MP: 4/4
   329 | D        | Noticed Sigmund
   334 | D        | Killed Sigmund
   334 | D        | Reached skill level 12 in Fighting
   334 | D        | Reached skill level 1 in Dodging
   334 | D        | Reached XP level 5. HP: 39/62 MP: 5/5
   334 | D        | Reached XP level 6. HP: 44/70 MP: 6/6
   468 | D        | Found a deep blue altar of Sif Muna.
   470 | D        | Found a radiant altar of Vehumet.
   510 | D        | Found Yqokas's Book Emporium.
   510 | D        | Found an ancient bone altar of Kikubaaqudgha.
   510 | D        | Found a hazy altar of Hepliaklqana.
   510 | D        | Found a stormy altar of Qazlal.
   510 | D        | Found a hide-covered altar of Uskayaw.
   510 | D        | Found a blossoming altar of Fedhas.
   510 | D        | Found a bloodstained altar of Trog.
   510 | D        | Found an iron altar of Okawaru.
   510 | D        | Found a basalt altar of Yredelemnul.
   510 | D        | Found a glowing golden altar of the Shining One.
   510 | D        | Found a snail-covered altar of Cheibriados.
   510 | D        | Found a sacrificial altar of Ru.
   510 | D        | Found a glowing silver altar of Zin.
   510 | D        | Found a shadowy altar of Dithmenos.
   510 | D        | Found a white marble altar of Elyvilon.
   510 | D        | Noticed a yak
   518 | D        | Killed a yak
   518 | D        | Reached skill level 13 in Fighting
   518 | D        | Reached XP level 7. HP: 57/79 MP: 7/7
   519 | D        | Found an opulent altar of Gozag.
   520 | D        | Found a sparkling altar of Nemelex Xobeh.
   597 | D        | Found a burning altar of Makhleb.
   597 | D        | Found a viscous altar of Jiyva.
   597 | D        | Found a shimmering altar of Xom.
   597 | D        | Found a corrupted altar of Lugonu.
   597 | D        | Noticed a slime creature
   609 | D        | Killed a slime creature
   695 | D        | Killed a gargoyle
   994 | D        | Became a worshipper of Hepliaklqana the Forgotten
  1001 | D        | Noticed Sonja
  1015 | D        | Slain by Sonja

Skill      XL: |  1  2  3  4  5  6  7 |
---------------+----------------------+-----
Fighting       | 7 9 12 13 | 13.9
Axes           | 4 6 9 11 12 | 12.6
Dodging        | 1 2 |  2.4
Armour         | |  3.2
Shields        | |  3.2

Action                   |  1- 3 |  4- 6 |  7- 9 || total
-------------------------+-------+-------+-------++-------
Melee: War axe           |    15 |    16 |    17 ||    48
  Use: Potion            |     1 |       |     1 ||     2
Armor: Scale mail        |     2 |     3 |     5 ||    10
Dodge: Dodged            |     2 |     6 |     6 ||    14
Block: Shield            |     9 |     2 |     7 ||    18
